AoeStats
← Asur

Oasis

508537014Analyzed
4v4 RM · 11d ago on Sep 22, 2026· 21m 31s· 8 players
Game mode
Random Map
Map size
Large (8 player)
Population
200
Speed
Normal
Resources
Standard
Victory
Conquest
Starting age
Dark Age
Ending age
Imperial Age
RankedLock teamsTeams togetherTeam positionsShared explorationLock speedFull tech treeHidden civsTurbo modeCheats
Victory
Defeat
🇨🇳 Huns · China
1445
+13
🇩🇪 Ethiopians · Germany
1418
+14
🇲🇽 Persians · Mexico
1408
+14
🇳🇿 Italians · New Zealand
1396
+15
🇨🇴 Cumans · Colombia
1425
-17
🇮🇳 Ethiopians · India
1368
-14
🇪🇨 Varangians · Ecuador
1345
-13
🇧🇷 Persians · Brazil
1334
-12
EL MAYA
6:27 Loom
Asur
7:10 Loom
9:26 Feudal Age
11:15 Double-Bit Axe
13:31 Fletching
20:17 Wheelbarrow
23:40 Castle Age
Not Ben
10:44 Feudal Age
14:56 Castle Age
17:04 Forging
19:00 Double-Bit Axe
zbtl458613
6:01 Loom
9:07 Feudal Age
11:04 Double-Bit Axe
11:00 Horse Collar
18:53 Forging
18:48 Scale Barding Armor
20:29 Bloodlines
AdrianJPG
6:56 Loom
9:20 Feudal Age
9:54 Double-Bit Axe
Milongo
9:00 Feudal Age
9:31 Town Watch
11:16 Double-Bit Axe
12:37 Loom
15:39 Horse Collar
19:28 Wheelbarrow
JR91
0:34 Loom
9:14 Feudal Age
9:45 Double-Bit Axe
9:42 Horse Collar
12:28 Scale Barding Armor
14:05 Forging
17:24 Bloodlines
19:10 Wheelbarrow
21:57 Castle Age
adi.rathore
2:50 Loom
9:18 Feudal Age
Connection lost

Rejoining the realm…

Still unreachable

The connection could not be restored.

Session expired

The server has moved on; the page needs a fresh start.